Map: King's Cove LE

Players

Hornet

  • Race: Terran Terran
  • League: Platinum
  • Spawn Location: 5:00

Smeeeger - Winner!

  • Race: Zerg Zerg
  • League: Platinum
  • Spawn Location: 11:00

VOD

Have the link to the VOD?

Description

Time

  • Played on: July 18, 2019, 11:57 a.m.
  • Length: 14:18
Show
View Real Time Build Order
Export as new Build Order

Hornet Terran 

Build Orders: Gas First Reaper Expand 

Get SALT Encoding   

  12  0:00  SCV  
  13  0:13  SCV  
  14  0:18  Supply Depot  
  14  0:25  SCV  
  15  0:28  Refinery  
  15  0:39  SCV  
  16  0:46  Barracks  
  16  0:52  SCV  
  17  1:04  SCV  
  18  1:16  SCV  
  19  1:33  Reaper, Orbital Command  
  20  1:41  Refinery  
  20  1:49  Command Center  
  20  2:07  Marine  
  21  2:13  Factory  
  21  2:29  Refinery  
  21  2:30  Barracks Reactor  
  21  2:35  Supply Depot  
  20  2:46  SCV  
  21  2:58  Starport, SCV  
  22  3:10  SCV  
  23  3:14  Barracks Tech Lab  
  23  3:18  Orbital Command  
  23  3:30  SCV  
  23  3:32  Hellion x2  
  23  3:33  Concussive Shells, Marauder  
  30  3:38  Viking  
  32  3:42  SCV  
  32  3:55  Marauder  
  34  4:01  Hellion x2  
  38  4:07  SCV x2  
  38  4:08  Medivac  
  42  4:22  Supply Depot, SCV x2  
  42  4:23  Marauder  
  46  4:43  Hellion x2  
  46  4:45  Marauder  
  52  4:46  Liberator  
  52  4:55  SCV  
  53  5:04  Supply Depot  
  53  5:05  Hellion  
  53  5:06  Marauder  
  60  5:07  Supply Depot x2  
  60  5:09  Supply Depot  
  56  5:32  Armory  
  56  5:35  Marauder  
  58  5:36  Hellion x2  
  55  5:57  Hellion  
  52  6:15  Liberator  
  44  6:20  Orbital Command  
  42  6:30  Marine  
  42  6:48  Marine  
  42  6:51  SCV x2  
  45  7:03  SCV x2  
  45  7:06  Marine  
  45  7:15  SCV  
  45  7:17  Barracks x2, Command Center  
  43  7:23  SCV  
  43  7:25  Starport Reactor  
  43  7:26  Marauder  
  43  7:27  SCV  
  43  7:28  Stimpack  
  46  7:48  Marauder  
  48  7:54  Widow Mine  
  48  7:55  Widow Mine  
  52  7:59  SCV x2  
  52  8:04  Barracks Reactor  
  54  8:09  Barracks Reactor  
  54  8:26  SCV x2  
  56  8:28  Marine  
  56  8:30  Orbital Command  
  57  8:34  Medivac  
  57  8:35  Medivac  
  57  8:38  SCV x2  
  63  8:46  Marauder  
  65  8:49  Marine  
  65  8:50  Marine x3, SCV  
  65  8:51  SCV  
  71  9:02  Orbital Command  
  71  9:04  Medivac  
  71  9:07  Marine x3  
  71  9:08  Marine, Marauder  
  79  9:23  Liberator x2  
  77  9:25  Marine  
  77  9:29  Combat Shield, Marauder, SCV x3  
  81  9:39  Marine x3  
  81  9:41  SCV x3  
  81  9:43  Marine  
  94  9:47  Supply Depot  
  94  9:50  Marauder  
  96  9:53  SCV  
  96  9:56  Marine x2  
  101  10:00  SCV x2  
  101  10:03  Refinery  
  101  10:05  Refinery x2  
  101  10:06  Refinery  
  101  10:09  SCV  
  101  10:10  Marine x2  
  101  10:11  Supply Depot  
  101  10:12  Liberator, Marauder, SCV x2  
  108  10:14  Marine  
  109  10:28  Marine x3, SCV  
  109  10:32  Marine  
  109  10:33  Marauder  
  108  10:46  Marine x3  
  110  10:50  Marine  
  110  10:54  Marauder  
  110  10:55  Liberator  
  100  11:00  Medivac  
  100  11:03  Marine  
  100  11:04  Marine x2  
  94  11:08  Marine  
  97  11:16  Marauder  
  97  11:18  Command Center  
  102  11:34  Supply Depot  
  102  11:36  Supply Depot  
  102  11:40  Liberator  
  102  11:42  Supply Depot x2  
  102  11:55  Marine x4  
  102  11:56  Marauder  
  111  12:07  Liberator  
  111  12:13  Marine x4  
  115  12:15  Engineering Bay  
  115  12:17  Marauder  
  115  12:19  Engineering Bay  
  115  12:21  SCV x2  
  119  12:23  Liberator  
  122  12:31  Marine x4  
  122  12:33  SCV  
  127  12:37  Orbital Command  
  127  12:38  Marauder  
  132  12:48  Marine x2  
  132  13:00  Marauder  
  134  13:12  Command Center  
  134  13:14  Marine x4  
  138  13:21  Marauder  
  138  13:22  Orbital Command  
  140  13:31  Marine  
  140  13:32  Marine  
  142  13:42  Marauder  
  142  13:43  Marine x2  
  146  13:49  Marine  
  146  13:52  SCV x2  
  149  14:01  SCV  
  149  14:04  SCV  
Show
View Real Time Build Order
Export as new Build Order

Smeeeger Zerg - Winner!

Build Orders: Hatch First 

Get SALT Encoding   

  12  0:01  Drone  
  13  0:13  Overlord  
  13  0:19  Drone  
  14  0:32  Drone x2  
  16  0:52  Hatchery  
  16  0:54  Drone  
  16  0:58  Drone  
  17  1:13  Spawning Pool  
  17  1:16  Drone  
  17  1:25  Drone x2  
  18  1:30  Extractor  
  18  1:37  Drone  
  19  1:45  Overlord  
  19  2:04  Queen x2  
  19  2:05  Zergling x4  
  19  2:06  Zergling x2  
  26  2:22  Drone x2  
  28  2:42  Queen  
  28  2:43  Overlord  
  30  2:45  Metabolic Boost  
  30  2:46  Drone x3  
  33  3:06  Drone x2  
  33  3:07  Drone x2  
  33  3:10  Drone x2  
  39  3:25  Hatchery  
  38  3:30  Drone x3  
  41  3:44  Overlord x2  
  41  3:53  Drone  
  42  4:04  Spine Crawler  
  42  4:08  Roach Warren  
  42  4:09  Evolution Chamber  
  39  4:10  Drone x2  
  39  4:11  Drone  
  39  4:14  Zergling x8  
  46  4:19  Drone  
  46  4:20  Drone x2  
  46  4:22  Extractor  
  46  4:23  Extractor  
  47  4:24  Drone  
  47  4:25  Drone  
  47  4:28  Drone  
  47  4:29  Drone x3  
  47  4:30  Drone  
  54  4:35  Spore Crawler  
  54  4:36  Spore Crawler  
  54  4:37  Queen  
  54  4:43  Overlord  
  54  4:45  Overlord  
  54  4:47  Lair  
  54  5:01  Roach x2  
  54  5:02  Roach x4  
  62  5:22  Drone x4  
  66  5:37  Zerg Missile Weapons Level 1  
  66  5:47  Glial Reconstitution, Roach x3  
  68  6:19  Roach  
  68  6:20  Roach x2  
  68  6:21  Roach  
  65  6:33  Queen  
  65  6:35  Queen  
  69  6:45  Roach x2  
  70  6:55  Zergling x2  
  70  6:56  Zergling x4  
  69  7:20  Hydralisk Den  
  69  7:21  Drone  
  69  7:22  Drone x2  
  69  7:23  Evolution Chamber, Extractor  
  69  7:25  Evolution Chamber  
  69  7:28  Drone x4  
  70  7:33  Roach  
  70  7:34  Roach  
  74  7:37  Overlord x2  
  74  7:38  Overseer, Overlord x2  
  70  7:49  Zerg Missile Weapons Level 2  
  70  7:51  Zerg Ground Armor Level 1  
  70  7:52  Grooved Spines  
  70  7:54  Zerg Melee Weapons Level 1  
  70  7:57  Drone x4  
  70  7:58  Drone x3  
  77  8:00  Extractor  
  77  8:01  Spore Crawler  
  77  8:02  Spore Crawler  
  77  8:05  Spore Crawler  
  73  8:06  Drone x2  
  73  8:07  Spore Crawler  
  73  8:11  Hatchery  
  73  8:13  Hatchery  
  73  8:16  Roach x3  
  73  8:18  Infestation Pit, Roach  
  79  8:26  Hydralisk  
  81  8:30  Drone x3  
  84  8:40  Drone x2  
  84  8:41  Drone  
  87  8:42  Hydralisk  
  87  8:44  Overlord x2  
  89  8:48  Hydralisk  
  89  8:52  Zergling x16  
  99  9:02  Overlord x2  
  99  9:03  Overlord x2  
  99  9:04  Muscular Augments  
  99  9:07  Hive  
  99  9:25  Roach x5  
  99  9:26  Roach  
  111  9:34  Hydralisk x3  
  115  9:44  Baneling Nest  
  114  9:51  Ravager  
  115  9:53  Ravager  
  115  9:54  Zergling x6  
  115  9:57  Hatchery, Extractor  
  117  10:05  Drone x2  
  117  10:06  Drone x4  
  117  10:07  Drone x2  
  125  10:11  Overlord  
  125  10:12  Overlord x3  
  125  10:18  Hydralisk x2  
  125  10:19  Hydralisk x4  
  112  10:59  Hydralisk x4  
  112  11:00  Hydralisk x9  
  112  11:01  Zergling x2  
  135  11:05  Zergling x2  
  135  11:06  Zergling x8  
  140  11:19  Pneumatized Carapace  
  140  11:21  Drone x5, Burrow  
  140  11:22  Drone x2  
  147  11:26  Zerg Missile Weapons Level 3  
  147  11:37  Spore Crawler, Drone x2  
  147  11:38  Spore Crawler, Drone x2  
  149  11:42  Centrifical Hooks  
  149  11:44  Extractor  
  149  11:45  Drone  
  149  11:46  Spore Crawler  
  148  11:48  Extractor  
  147  11:56  Zerg Ground Armor Level 2  
  147  12:05  Drone x3  
  147  12:06  Drone x3, Overlord  
  147  12:07  Overlord  
  154  12:08  Zergling x4  
  154  12:09  Zergling x2  
  156  12:27  Adrenal Glands  
  156  12:30  Spire  
  156  12:31  Zergling x6  
  158  12:37  Baneling x13  
  158  12:48  Drone x3  
  158  12:49  Drone x3  
  164  12:53  Hatchery  
  163  13:02  Overseer  
  162  13:09  Lurker Den  
  161  13:15  Viper  
  164  13:20  Viper x2  
  170  13:32  Drone x4  
  170  13:33  Drone x2  
  176  13:39  Spine Crawler  
  175  13:42  Spore Crawler, Spine Crawler  
  175  13:45  Spine Crawler  
  175  13:46  Spine Crawler  
  175  13:47  Spine Crawler  
Tags
 
Add a new tag
Caveats
  • Supply blocks, unpowered buildings, or Contaminate may cause inaccurate times.
  • Supply counts are checked every 10 seconds.